 Dungeon Crawl Stone Soup version 0.31-a0-369-g8eba5f6939 (webtiles) character file.

Game seed: 12522819697931200668

1983 floatRand the Grappler (level 9, -3/64 HPs)
             Began as a Green Draconian Shapeshifter on July 28, 2023.
             Was a Follower of Wu Jian.
             Slain by a bullfrog (7 damage)
             ... on level 6 of the Dungeon.
             The game lasted 00:06:07 (5415 turns).

floatRand the Grappler (DrSh)                       Turns: 5415, Time: 00:06:08

Health: -3/64      AC:  7    Str: 21    XL:     9   Next: 1%
Magic:  9/9        EV: 12    Int: 14    God:    Wu Jian [*.....]
Gold:   416        SH:  0    Dex: 13    Spells: 8/8 levels left

rFire   . .          .
                       - Unarmed
rCold   . . .        (no shield)
rNeg    . . .        (body armour unavailable)
rPois   +            (helmet currently unavailable)
rElec   .            (cloak currently unavailable)
rCorr   .            (gloves currently unavailable)
SInv    .            (boots currently unavailable)
Will    .....        (no amulet)
Stlth   +            e - +6 ring of intelligence
HPRegen 0.30/turn    (no ring)
MPRegen 0.11/turn

%: no passive effects
@: beast-form, slowed, very slow
A: beast (slay +5), breathe noxious fumes, AC +7, unfitting armour, poison
resistance, cold-blooded
a: Breathe Noxious Fumes, Begin Untransformation, Renounce Religion


You were on level 6 of the Dungeon.
You worshipped Wu Jian.
Wu Jian was aware of your devotion.
You were a hulking beast.
You visited 2 branches of the dungeon, and saw 7 of its levels.

You collected 416 gold pieces.

Inventory:

Missiles
 u - a throwing net
Armour
 i - a +0 pair of gloves
 v - a +0 cloak
Jewellery
 e - a +6 ring of intelligence (left hand)
 l - a ring of ice
Talismans
 b - a beast talisman
Wands
 a - a wand of paralysis (3)
 x - a wand of flame (5)
 y - a wand of acid (6)
Scrolls
 c - a scroll of blinking
 f - a scroll of amnesia
 j - a scroll of teleportation
 z - a scroll of revelation
Potions
 d - 3 potions of curing
 n - a potion of heal wounds
 p - 2 potions of ambrosia {unknown}
 q - 2 potions of resistance {unknown}
 s - a potion of berserk rage {unknown}
 t - 3 potions of enlightenment {unknown}
 w - a potion of cancellation {unknown}


   Skills:
 - Level 1.1 Fighting
 - Level 1.7 Dodging
 * Level 8.9 Unarmed Combat
 * Level 7.6 Shapeshifting


You had 8 spell levels left.
You didn't know any spells.
Your spell library contained the following spells:

 Spells                   Type           Power      Damage    Failure   Level
 Magic Dart               Conj           0%         1d3       28%         1
 Call Imp                 Summ           0%         N/A       41%         2
 Cigotuvi's Dreadful Rot  Necr/Pois/Air  0%         N/A       41%         2
 Call Canine Familiar     Summ           0%         N/A       65%         3
 Ignite Poison            Fire/Tmut/Pois 0%         N/A       65%         3
 Mephitic Cloud           Conj/Pois/Air  0%         N/A       65%         3
 Portal Projectile        Hex/Tloc       0%         N/A       65%         3
 Leda's Liquefaction      Hex/Erth       0%         N/A       96%         4
 Freezing Cloud           Conj/Ice/Air   0%         6-21      100%        5


Dungeon Overview and Level Annotations

Branches:
Dungeon (6/15)             Temple (1/1) D:4

Altars:
Ashenzari
Cheibriados
Dithmenos
Elyvilon
Fedhas
Gozag
Hepliaklqana
Kikubaaqudgha
Makhleb
Nemelex Xobeh
Okawaru
Qazlal
Ru
Sif Muna
Trog
Uskayaw
Vehumet
Wu Jian
Yredelemnul
Zin
The Shining One

Shops:
D:2 [

Portals:
Abyss: D:5

Annotations:
D:5 2 transporters, MirrMurr's ghost, amateur SpHu


Innate Abilities, Weirdness & Mutations

You are a hulking beast.
Your limbs bulge with bestial killing power. (Slay +5)
You can breathe blasts of noxious fumes.
Your lurid green scales are hard. (AC +7)
You cannot fit into any form of body armour.
Your system is resistant to poisons. (rPois)
You are cold-blooded and may be slowed by cold attacks.


Message History

The Council accepts your kill.
You hit the ice beast.
The ice beast is moderately wounded.
The ice beast barely misses you. The white imp gestures at you.
The puff of frost hits you.
You closely miss the ice beast.
The ice beast is moderately wounded.
You have got your breath back.
The ice beast hits you but does no damage.
The bullfrog hits you!
Unknown command.
You hit the ice beast.
Your tail-slap misses the ice beast.
The ice beast is moderately wounded.
The bullfrog closely misses you.
You closely miss the ice beast.
The ice beast is moderately wounded.
The ice beast hits you. The ice beast freezes you!
You feel yourself slow down. The bullfrog closely misses you.
Unknown command.
You closely miss the ice beast.
Your tail-slap misses the ice beast.
The ice beast is moderately wounded.
The bullfrog hits you! The ice beast hits you. The ice beast freezes you!
You feel as though you will be slow longer.
The bullfrog hits you.
* * * LOW HITPOINT WARNING * * *
Unknown command.
You are too injured to fight recklessly!
You hit the ice beast.
Your tail-slap misses the ice beast.
The ice beast is moderately wounded.
The ice beast hits you.
* * * LOW HITPOINT WARNING * * *
The ice beast freezes you.
* * * LOW HITPOINT WARNING * * *
The bullfrog hits you but does no damage.
The white imp gestures at you. The puff of frost hits you.
* * * LOW HITPOINT WARNING * * *
The ice beast barely misses you. The bullfrog hits you!
You die...

...............
...............
.............###.#
................>#
.............# #.#
.............# #.#
......Y......###.#
......5h......##.#
......F.......##.#
..............##.#
..............##.#
.............##..#
.............#..##
.............#.##
.............).#
.............##


You could see an ice beast, a bullfrog and a white imp.

Vanquished Creatures
  Pikel (D:5)
  A water moccasin (D:5)
  An ice beast (D:5)
  3 ogres
  2 lemures
  A phantom (D:5)
  Blork the orc (D:5)
  4 scorpions
  A howler monkey (D:5)
  3 hounds
  3 jellies (D:5)
  3 orc priests
  3 iguanas
  3 orc wizards
  Ijyb (D:5)
  A gnoll (D:5)
  4 adders
  A white imp (D:5)
  4 ufetubi
  A worm (D:2)
  3 dart slugs
  19 orcs
  4 ball pythons
  6 endoplasms
  5 giant cockroaches
  5 goblins
  5 hobgoblins
  14 jackals
  7 quokkas
  3 bats (D:2)
  6 frilled lizards
  5 kobolds
  10 rats
134 creatures vanquished.

Notes
Turn   | Place    | Note
-------+----------+-------------------------------------------
     0 | D:1      | floatRand the Draconian Shapeshifter began the quest for
                  | the Orb.
     0 | D:1      | Reached XP level 1. HP: 16/16 MP: 1/1
   114 | D:1      | Reached XP level 2. HP: 23/23 MP: 2/2
   460 | D:1      | Reached XP level 3. HP: 27/28 MP: 3/3
   838 | D:2      | Reached skill level 4 in Unarmed Combat
  1031 | D:2      | Reached XP level 4. HP: 35/35 MP: 4/4
  1190 | D:2      | Found Dofaatta's Armour Emporium.
  1424 | D:2      | Found a faded altar of an unknown god.
  2272 | D:3      | Found a burning altar of Makhleb.
  2500 | D:3      | Reached XP level 5. HP: 20/40 MP: 5/5
  2690 | D:4      | Reached skill level 5 in Unarmed Combat
  2707 | D:4      | Noticed an ogre
  2723 | D:4      | Killed an ogre
  2724 | D:4      | Reached XP level 6. HP: 23/47 MP: 6/6
  2921 | D:4      | Found a broken altar of Ashenzari.
  2939 | D:4      | Reached skill level 5 in Shapeshifting
  3061 | D:4      | Identified the +9 rapier of Zatytazu {heavy, *Corrode rF+
                  | Str+4 Dex-3}
  3210 | D:4      | Found a staircase to the Ecumenical Temple.
  3377 | Temple   | Entered the Ecumenical Temple
  3401 | Temple   | Became a worshipper of the Wu Jian Council
  3511 | D:4      | Reached skill level 6 in Unarmed Combat
  3511 | D:4      | Your scales start taking on a lurid green colour.
  3511 | D:4      | Reached XP level 7. HP: 34/52 MP: 7/7
  3511 | D:4      | Gained mutation: Your system is resistant to poisons.
                  | (rPois) [Green Draconian growth]
  3714 | D:5      | Entered Level 5 of the Dungeon
  3716 | D:5      | Noticed Pikel
  3721 | D:5      | Noticed Ijyb
  4073 | D:5      | Reached skill level 7 in Unarmed Combat
  4086 | D:5      | Reached XP level 8. HP: 46/59 MP: 8/8
  4122 | D:5      | Killed Ijyb
  4122 | D:5      | Reached * piety under Wu Jian
  4589 | D:5      | Found a transporter.
  4624 | D:5      | Killed Pikel
  4625 | D:5      | Reached skill level 8 in Unarmed Combat
  4714 | D:5      | Noticed Blork the orc
  4721 | D:5      | Killed Blork the orc
  4809 | D:5      | Found a hazy altar of Hepliaklqana.
  4809 | D:5      | Found a sacrificial altar of Ru.
  4810 | D:5      | Found a shadowy altar of Dithmenos.
  5005 | D:5      | Noticed an ancient zyme
  5032 | D:5      | Found a one-way gate to the infinite horrors of the Abyss.
  5032 | D:5      | Noticed MirrMurr's ghost (amateur SpHu)
  5050 | D:5      | Found a transporter.
  5387 | D:6      | Reached XP level 9. HP: 64/64 MP: 9/9
  5415 | D:6      | Slain by a bullfrog

Illustrated notes

Levels and vault maps discovered:
D:1:      co_arrival_random_square_maze, layout_basic
D:2:      minmay_general_purpose_star, layout_loops_ring, serial_shops, shop,
          ebering_ecumenical_altar_rust
D:3:      layout_loops_ring, lemuel_coloured_pillars_altar
D:4:      minmay_chambers_of_twos, layout_cave_pools, ashenzari_altar_1,
          minmay_temple_entry_enclosed_plants
D:5:      layout_rooms, gammafunk_temple_overflow_claw,
          gammafunk_ghost_abyssal_escape, grunt_ministairs_3, minmay_circle_x,
          uniq_pikel, uniq_blork_the_orc, uniq_ijyb
D:6:      layout_basic, tgw_xom, enter_ossuary_3
Temple:   nicolae_temple_elliptical

Skill      XL: |  1  2  3  4  5  6  7  8 |
---------------+-------------------------+-----
Unarmed Combat | 4 5 6 7 8 |  8.9
Shapeshifting  | 4 5 6 7 |  7.6
Fighting       | |  1.1
Dodging        | |  1.7

Action                     |  1- 3 |  4- 6 |  7- 9 || total
---------------------------+-------+-------+-------++-------
  Melee: Unarmed           |    94 |   153 |   124 ||   371
         Tailslap          |     8 |    21 |    21 ||    50
         Punch             |       |     2 |     6 ||     8
Ability: Lunge             |       |       |     6 ||     6
         Breathe Noxious F |       |       |     6 ||     6
         Whirlwind         |       |       |     1 ||     1
    Use: Potion            |       |       |     1 ||     1
         Scroll            |       |       |    11 ||    11
   Stab: Sleeping          |       |     3 |       ||     3
         Confused          |       |       |     5 ||     5
         Distracted        |       |       |     1 ||     1
 Armour: Skin              |    37 |    45 |    59 ||   141
  Dodge: Dodged            |    78 |    70 |    50 ||   198

Table legend: (Time is in decaauts)
 A = Elapsed time spent in this place.
 B = Non-inter-level travel time spent in this place.
 C = Inter-level travel time spent in this place.
 D = Time resting spent in this place.
 E = Time spent auto-exploring this place.
 F = Levels seen in this place.
 G = Mean time per level.
                   A        B        C        D        E       F      G
               +--------+--------+--------+--------+--------+-----+--------+
         Total |   5385 |   5229 |    156 |   1176 |   2851 |   7 |  769.3 |
       Dungeon |   5346 |   5205 |    141 |   1176 |   2851 |   6 |  891.0 |
        Temple |     38 |     24 |     14 |      0 |      0 |   1 |   38.0 |
               +--------+--------+--------+--------+--------+-----+--------+

Top non-repeatable levels by time:
     D:4: 1707 daAuts
     D:5: 1097 daAuts
     D:2: 1022 daAuts
     D:3: 907 daAuts
     D:1: 579 daAuts
  Temple: 38 daAuts
     D:6: 31 daAuts
